 Dungeon Crawl Stone Soup version 0.30-a0-359-gd0147acb1a (webtiles) character file.

Game seed: 3838732219162595197

23 oldriver the Grave Robber (level 2, -2/21 HPs)
             Began as a Mummy Necromancer on Nov 12, 2022.
             Slain by a gnoll
             ... wielding a +0 whip
              (5 damage)
             ... on level 1 of the Dungeon.
             The game lasted 00:00:40 (626 turns).

oldriver the Grave Robber (Mummy Necromancer)        Turns: 626, Time: 00:00:41

Health: -2/21      AC:  2    Str: 11    XL:     2   Next: 75%
Magic:  2/6        EV: 12    Int: 14    God:
Gold:   27         SH:  0    Dex: 12    Spells: 7/8 levels left

rFire   x . .      SeeInvis .    (no weapon)
rCold   + . .      Faith    +    (no shield)
rNeg    + + +      Spirit   .    a - +0 robe
rPois   ∞          Reflect  .    (no helmet)
rElec   .          Harm     .    (no cloak)
rCorr   .          Rampage  .    (no gloves)
Will    .....                    (no boots)
Stlth   ++........               (no amulet)
HPRegen 0.23/turn                (no ring)
MPRegen 0.10/turn                (no ring)

@: no status effects
A: cold resistance 1, negative energy resistance 3, torment resistance 2, heat
vulnerability 1, no potions, faith
a: no special abilities


You were on level 1 of the Dungeon.
You visited 1 branch of the dungeon, and saw 1 of its levels.

You collected 27 gold pieces.

Inventory:

Armour
 a - a +0 robe (worn)
Scrolls
 b - a scroll of teleportation {unknown}
 c - a scroll of blinking {unknown}
 d - 3 scrolls of identify {unknown}
 e - a scroll of summoning {unknown}
 f - a scroll of amnesia {unknown}


   Skills:
 + Level 1.0 Fighting
 - Level 1.5 Dodging
 - Level 1.5 Stealth
 * Level 3.5 Spellcasting
 + Level 4.2 Necromancy


You had 7 spell levels left.
You knew the following spells:

 Your Spells              Type           Power      Damage    Failure   Level
a - Necrotise             Necr           56%        1d6       3%          1

Your spell library contained the following spells:

 Spells                   Type           Power      Damage    Failure   Level
 Vampiric Draining        Necr           14%        2d7       11%         3
 Animate Dead             Necr           14%        N/A       34%         4
 Agony                    Necr           14%        N/A       69%         5


Dungeon Overview and Level Annotations

Branches:
Dungeon (1/15)

Altars:


Innate Abilities, Weirdness & Mutations

You are immune to poison.
Your flesh is cold resistant. (rC+)
You are immune to negative energy. (rN+++)
You are immune to unholy pain and torment.
You are vulnerable to heat. (rF-)
You do not drink.
You have a special connection with the divine. (Faith)


Message History

There is an open door here.
d - 3 scrolls labelled AXZUAMM FEKAWK (gained 1)
An endoplasm comes into view.
Found a stone staircase leading down.
An endoplasm is nearby!
An endoplasm is nearby!
The endoplasm quivers.
The endoplasm writhes in agony.
You kill the endoplasm!
You can't see any susceptible monsters within range! (Use Z to cast anyway.)
You can't see any susceptible monsters within range! (Use Z to cast anyway.)
A dart slug comes into view.
A dart slug is nearby!
A dart slug is nearby!
A dart slug is nearby!
You can't see any susceptible monsters within range! (Use Z to cast anyway.)
You can't see any susceptible monsters within range! (Use Z to cast anyway.)
You can't see any susceptible monsters within range! (Use Z to cast anyway.)
The dart slug writhes in agony.
The dart slug writhes in agony.
The dart slug writhes in agony.
You kill the dart slug!
An endoplasm and a gnoll come into view.
The gnoll shouts!
There is a stone staircase leading down here.
There are monsters nearby!
There are monsters nearby!
The endoplasm quivers.
The gnoll writhes in agony.
The gnoll misses you.
The gnoll barely resists.
The endoplasm misses you. The gnoll hits you with a +0 whip.
The gnoll barely resists.
The endoplasm freezes you.
You are frozen.
You resist. The gnoll hits you with a +0 whip.
The gnoll writhes in agony.
The endoplasm closely misses you. The gnoll hits you with a +0 whip!
* * * LOW HITPOINT WARNING * * *
You are too injured to fight recklessly!
The gnoll attacks as you move away! The gnoll hits you with a +0 whip.
You die...

#.. ######## ########..
#......# #......'..
#......##### ##.######..
#......#...###.....# #..
#......#...........# ##.
#......#....###....# #.
##.....g#....# #....# #.
#......J@>..## #....# #.
#.......#..†# #....# #.
#.......#...# #....####.
#.......#...# #######...#
#.......#.#.............#
#.......#...............#
#.......##..............#
#.......# ..............#
..........#


You could see a gnoll and an endoplasm.

Vanquished Creatures
  A dart slug (D:1)
  2 bats (D:1)
  2 endoplasms (D:1)
  A giant cockroach (D:1)
  A goblin (D:1)
  A hobgoblin (D:1)
  3 quokkas (D:1)
  A ball python (D:1)
  2 frilled lizards (D:1)
  3 kobolds (D:1)
  3 rats (D:1)
20 creatures vanquished.

Notes
Turn   | Place    | Note
-------+----------+-------------------------------------------
     0 | D:1      | oldriver the Mummy Necromancer began the quest for the Orb.
     0 | D:1      | Reached XP level 1. HP: 13/13 MP: 4/4
   178 | D:1      | Reached XP level 2. HP: 20/20 MP: 4/6
   503 | D:1      | Reached skill level 1 in Fighting
   626 | D:1      | Slain by a gnoll

Illustrated notes

Levels and vault maps discovered:
D:1:      saegor_arrival_under_anarchy, layout_basic

Skill      XL: |  1  2 |
---------------+-------+-----
Spellcasting   | 3 |  3.5
Fighting       | 1 |  1.0
Dodging        | |  1.5
Stealth        | |  1.5
Necromancy     | |  4.2

Action                   || total
-------------------------++-------
Melee: Unarmed           ||     4
 Cast: Necrotise         ||    36
Armor: Robe              ||     2
Dodge: Dodged            ||     6

Table legend: (Time is in decaauts)
 A = Elapsed time spent in this place.
 B = Non-inter-level travel time spent in this place.
 C = Inter-level travel time spent in this place.
 D = Time resting spent in this place.
 E = Time spent auto-exploring this place.
 F = Levels seen in this place.
 G = Mean time per level.
                   A        B        C        D        E       F      G
               +--------+--------+--------+--------+--------+-----+--------+
         Total |    627 |    627 |      0 |      0 |    509 |   1 |  627.0 |
       Dungeon |    627 |    627 |      0 |      0 |    509 |   1 |  627.0 |
               +--------+--------+--------+--------+--------+-----+--------+

Top non-repeatable levels by time:
     D:1: 627 daAuts
